 Dungeon Crawl Stone Soup version 0.27-a0-1365-ge71e8f7681 (webtiles) character file.

Game seed: 14132380210348939005

2761 HESUNTHESUNT the Basher (level 9, -3/57 HPs)
             Began as a Gargoyle Fighter on June 28, 2021.
             Was a Priest of Qazlal.
             Slain by an orc warlord (23 damage)
             ... in a bailey.
             The game lasted 00:14:51 (9235 turns).

HESUNTHESUNT the Basher (Gargoyle Fighter)          Turns: 9235, Time: 00:14:51

Health: -3/57      AC: 25    Str: 24    XL:     9   Next: 69%
Magic:  9/9        EV:  5    Int:  8    God:    Qazlal [***...]
Gold:   387        SH: 15    Dex:  9    Spells: 8/8 levels left

rFire    + . .     SeeInvis .   z - +5 morningstar (vorpal)
rCold    + . .     Faith    .   c - +0 kite shield
rNeg     + . .     Spirit   .   x - +0 plate armour
rPois    ∞         Reflect  .   m - +1 helmet
rElec    +         Harm     .   g - scarf {rC+ rF+}
rCorr    .         Rampage  .   n - +1 pair of gloves
Will     .....                  p - +0 pair of boots
Stlth    ..........             (no amulet)
HPRegen  0.19/turn              (no ring)
MPRegen  0.11/turn              (no ring)

@: mighty, weak-willed, flying, very slightly contaminated, invisible
A: sickness immunity, AC +6, negative energy resistance 1, electricity
resistance, torment resistance 1, petrification resistance
a: Renounce Religion, Upheaval, Elemental Force


You were in a bailey.
You worshipped Qazlal.
Qazlal was most pleased with you.
You visited 2 branches of the dungeon, and saw 8 of its levels.
You also visited: Sewer and Bailey.

You collected 387 gold pieces.

Inventory:

Hand Weapons
 z - a +5 vorpal morningstar (weapon)
Missiles
 u - 2 throwing nets (quivered)
Armour
 c - a +0 kite shield (worn)
 g - a scarf of resistance (worn)
 m - a +1 helmet (worn)
 n - a +1 pair of gloves (worn)
 p - a +0 pair of boots (worn)
 x - a +0 plate armour (worn)
Wands
 e - a wand of mindburst (21)
 y - a wand of flame (14)
Scrolls
 i - 3 scrolls of amnesia
 k - 2 scrolls of holy word
 s - 2 scrolls of teleportation
 w - 2 scrolls of blinking
Potions
 a - 3 potions of heal wounds
 d - a potion of might
 f - a potion of mutation {unknown}
 q - a potion of curing {unknown}
 r - a potion of haste {unknown}
 t - a potion of attraction {unknown}
 v - a potion of berserk rage {unknown}
 A - a potion of lignification {unknown}
 B - a potion of invisibility
 C - a potion of degeneration
 E - a potion of magic {unknown}


   Skills:
 * Level 7.3 Fighting
 * Level 8.2 Maces & Flails
 + Level 7.1 Armour
 + Level 7.1 Shields
 + Level 1.3 Invocations


You had 8 spell levels left.
You didn't know any spells.
Your spell library contained the following spells:

 Spells                   Type           Power      Damage    Failure   Level
 Freeze                   Ice            0%         1d3       100%        1
 Shock                    Conj/Air       0%         1d3       100%        1
 Static Discharge         Conj/Air       0%         N/A       100%        2
 Frozen Ramparts          Ice            0%         1d2       100%        3
 Ozocubu's Armour         Ice            0%         N/A       100%        3
 Swiftness                Air            0%         N/A       100%        3
 Airstrike                Air            0%         N/A       100%        4
 Dispel Undead            Necr           0%         3d6       100%        4
 Hailstorm                Conj/Ice       0%         3d3       100%        4
 Agony                    Necr           0%         N/A       100%        5
 Lightning Bolt           Conj/Air       0%         1d11      100%        5
 Metabolic Englaciation   Hex/Ice        0%         N/A       100%        5
 Death Channel            Necr           0%         N/A       100%        6
 Sublimation of Blood     Necr           Unusable   N/A       N/A         2

Dungeon Overview and Level Annotations

Branches:
Dungeon (7/15)             Temple (1/1) D:4           Sewer (visited)
 Bailey (1/1)

Altars:
Ashenzari
Cheibriados
Dithmenos
Elyvilon
Fedhas
Gozag
Hepliaklqana
Kikubaaqudgha
Makhleb
Nemelex Xobeh
Okawaru
Qazlal
Ru
Sif Muna
Trog
Uskayaw
Vehumet
Wu Jian
Xom
Yredelemnul
Zin
The Shining One


Innate Abilities, Weirdness & Mutations

You are immune to sickness and miasma.
Your stone body is resilient. (AC +6)
You are immune to poison.
You resist negative energy. (rN+)
You are resistant to electric shocks. (rElec)
You are resistant to unholy torment.
You are immune to petrification.


Message History

The orc is engulfed in blazing flames.
You kill the orc!
Qazlal accepts your kill. You block the kobold's attack.
You catch the helpless orc warlord completely off-guard!
You impale the orc warlord!!
The orc warlord is heavily wounded.
The orc warlord hits you with a +0 war axe!
The orc warrior hits you with a +0 broad axe!!
The kobold hits you but does no damage.
The orc warrior hits you but does no damage.
The orc warlord hits you but does no damage.
You block the kobold's attack.
You are too injured to fight recklessly!
Unknown command.
You are too injured to fight recklessly!
Unknown command.
You are too injured to fight recklessly!
You are too injured to fight recklessly!
You barely miss the orc warlord.
The orc warlord is moderately wounded.
A kobold comes into view.
You block the orc warlord's attack. You block the orc warrior's attack.
You block the kobold's attack.
Unknown command.
You barely miss the orc warlord.
The orc warlord is moderately wounded.
You block the orc warlord's attack. You block the orc warrior's attack.
The kobold closely misses you. You block the goblin's attack.
Unknown command.
You bludgeon the orc warlord!!
The orc warlord is severely wounded.
You block the orc warlord's attack.
The orc warrior splashes around in the water.
The kobold hits you but does no damage. You block the goblin's attack.
The kobold throws a boomerang.
The boomerang closely misses the goblin.
The boomerang hits you.
The orc warlord hits you with a +0 war axe!!
You die...

##..8..8...#≈≈≈≈≈#......
#........((#≈≈≈≈≈#......
#........).'.....'....8.
#...8....).#########....
##......####≈≈≈#≈≈≈##...
##.....#≈≈#≈.....[≈#...
##....#≈........?≈#..)
#..°##≈8.8...8.8##...
#..)@o≈........o#....
#..gKo≈....∩....#....
#...'≈≈.........#....
#...##≈8.8...8.8##...
*#...,#≈........?≈#...
*#K...,#≈≈#≈.....=≈#...
*#.....,####≈≈≈#≈≈≈*#...
*...8..,,,,*######*#....
*$...,,,,,,',,,,,',...8.


You could see an orc warlord, an orc warrior (strong), a goblin and 2 kobolds.

Vanquished Creatures
  Sigmund (D:3)
  A water moccasin (D:5)
  An orc warrior (Bailey)
  Purgy (Sewer)
  2 ice beasts
  A black bear (D:6)
  2 ogres (D:5)
  A kobold brigand (D:6)
  2 phantoms (D:5)
  A bullfrog (D:7)
  2 scorpions
  A water moccasin skeleton (D:4)
  7 wights
  5 howler monkeys
  A jelly (D:7)
  3 orc priests
  2 centaur skeletons (D:5)
  A bullfrog skeleton (D:6)
  Crazy Yiuf (D:3)
  A gnoll shaman (D:7)
  A hound (D:6)
  2 iguanas
  Terence (D:2)
  3 orc wizards
  A killer bee zombie (D:7)
  A mummy (D:5)
  Robin (D:2)
  13 gnolls
  11 adders
  2 howler monkey skeletons (D:6)
  A river rat (D:5)
  A white imp (D:7)
  3 ufetubi
  3 worms
  4 dart slugs
  17 orcs
  20 bats
  6 endoplasms
  4 giant cockroaches
  20 goblins
  10 hobgoblins
  12 jackals (D:3)
  3 quokkas
  8 ball pythons
  3 frilled lizards
  A hobgoblin zombie (D:5)
  16 kobolds
  A kobold zombie (D:5)
  4 rats
210 creatures vanquished.

Vanquished Creatures (others)
  4 plants
4 creatures vanquished.

Grand Total: 214 creatures vanquished

Notes
Turn   | Place    | Note
-------+----------+-------------------------------------------
     0 | D:1      | HESUNTHESUNT the Gargoyle Fighter began the quest for the
                  | Orb.
     0 | D:1      | Reached XP level 1. HP: 14/14 MP: 1/1
    33 | D:1      | Found a faded altar of an unknown god.
   258 | D:1      | Reached XP level 2. HP: 13/19 MP: 2/2
  1082 | D:2      | Reached XP level 3. HP: 21/23 MP: 3/3
  1210 | D:2      | Noticed Robin
  1291 | D:2      | Killed Robin
  1469 | D:2      | Noticed Terence
  1482 | D:2      | Killed Terence
  1483 | D:2      | Reached XP level 4. HP: 13/29 MP: 4/4
  1987 | D:2      | Reached skill level 3 in Maces & Flails
  2148 | D:3      | Reached XP level 5. HP: 31/33 MP: 5/5
  2570 | D:3      | Noticed Sigmund
  2590 | D:3      | Killed Sigmund
  2591 | D:3      | Reached skill level 4 in Maces & Flails
  2591 | D:3      | Reached XP level 6. HP: 37/39 MP: 6/6
  2707 | D:3      | Noticed an ice beast
  2930 | D:4      | Reached XP level 7. HP: 39/44 MP: 7/7
  3106 | D:4      | Found a staircase to the Ecumenical Temple.
  3160 | Temple   | Entered the Ecumenical Temple
  3320 | Temple   | Became a worshipper of Qazlal Stormbringer
  3401 | D:4      | Reached skill level 5 in Shields
  3834 | D:5      | Entered Level 5 of the Dungeon
  3868 | D:5      | Reached skill level 5 in Fighting
  3868 | D:5      | Reached skill level 5 in Armour
  4206 | D:5      | Found a glowing drain.
  4244 | Sewer    | Entered a sewer
  4304 | Sewer    | Noticed Purgy
  4331 | Sewer    | Killed Purgy
  4332 | Sewer    | Reached skill level 5 in Maces & Flails
  4857 | D:5      | Reached * piety under Qazlal
  5255 | D:5      | Reached XP level 8. HP: 27/50 MP: 8/8
  5514 | D:5      | HP: 2/50 [ogre (11)]
  5589 | D:5      | Reached skill level 6 in Maces & Flails
  5988 | D:5      | Found a glowing silver altar of Zin.
  5989 | D:5      | Noticed an angel
  6706 | D:3      | Found a runed translucent door.
  6707 | D:3      | Noticed Crazy Yiuf
  7126 | D:3      | Killed Crazy Yiuf
  7429 | D:6      | Reached skill level 7 in Maces & Flails
  7472 | D:6      | Reached XP level 9. HP: 54/56 MP: 9/9
  7493 | D:6      | Reached ** piety under Qazlal
  8825 | D:7      | Got the Guide on Sinister Arts
  8838 | D:7      | Reached skill level 8 in Maces & Flails
  9020 | D:7      | Reached skill level 1 in Invocations
  9075 | D:7      | Found a flagged portal.
  9113 | Bailey   | Entered a bailey
  9118 | Bailey   | Noticed an orc warlord
  9138 | Bailey   | Reached *** piety under Qazlal
  9198 | Bailey   | Found a runed translucent gate.
  9200 | Bailey   | Found a runed translucent gate.
  9217 | Bailey   | Found a runed translucent gate.
  9235 | Bailey   | Slain by an orc warlord

Illustrated notes

Levels and vault maps discovered:
D:1:      mrwooster_arrival_statue_2, layout_rooms, basic_ecumenical_altar,
          minivault_26
D:2:      layout_basic, chequers_serial_rivers_room_a, serial_bayou_crossing,
          uniq_terence, uniq_robin
D:3:      minmay_evil_eye, layout_basic, saegor_snake_ambush, uniq_sigmund,
          uniq_crazy_yiuf_cottage
D:4:      layout_basic, minmay_temple_entry_gardened_gates
D:5:      layout_basic, zin_angel, portal_sewer_entry_c,
          nicolae_ossuary_entry_giza
D:6:      layout_basic, roderic_batcave
D:7:      layout_cave_pods, enter_bailey_5, dk_vineyard_3, hex_medium,
          kennysheep_generic_room_2
Temple:   kilobyte_greek_temple
Bailey:   bailey_axe_bossmonster_kennysheep, bailey

Skill      XL: |  1  2  3  4  5  6  7  8  9 |
---------------+----------------------------+-----
Armour         | 4 5 6 7 |  7.1
Shields        | 4 5 6 7 |  7.1
Fighting       | 4 5 6 7 |  7.3
Maces & Flails | 3 4 5 7 8 |  8.2
Invocations    | 1 |  1.3

Action                   |  1- 3 |  4- 6 |  7- 9 || total
-------------------------+-------+-------+-------++-------
Melee: Flail             |   121 |   138 |   433 ||   692
       Morningstar       |       |       |    77 ||    77
       Mace              |       |       |    65 ||    65
  Use: Potion            |       |     2 |     3 ||     5
       Scroll            |       |       |    12 ||    12
 Stab: Invisible         |       |       |     2 ||     2
Armor: Scale mail        |    83 |   107 |   194 ||   384
       Plate armour      |       |       |   218 ||   218
Dodge: Dodged            |    54 |    53 |   178 ||   285
Block: Kite shield       |    68 |    84 |   463 ||   615

Table legend: (Time is in decaauts)
 A = Elapsed time spent in this place.
 B = Non-inter-level travel time spent in this place.
 C = Inter-level travel time spent in this place.
 D = Time resting spent in this place.
 E = Time spent auto-exploring this place.
 F = Levels seen in this place.
 G = Mean time per level.
                   A        B        C        D        E       F      G
               +--------+--------+--------+--------+--------+-----+--------+
         Total |   9565 |   9235 |    330 |    510 |   6468 |  10 |  956.5 |
       Dungeon |   9030 |   8739 |    291 |    510 |   6199 |   7 | 1290.0 |
        Temple |    200 |    161 |     39 |      0 |    150 |   1 |  200.0 |
         Sewer |    204 |    204 |      0 |      0 |    115 |   1 |  204.0 |
        Bailey |    129 |    129 |      0 |      0 |      4 |   1 |  129.0 |
               +--------+--------+--------+--------+--------+-----+--------+

Top non-repeatable levels by time:
     D:5: 1997 daAuts
     D:4: 1459 daAuts
     D:3: 1454 daAuts
     D:6: 1348 daAuts
     D:2: 1246 daAuts
     D:1: 959 daAuts
     D:7: 564 daAuts
   Sewer: 204 daAuts
  Temple: 200 daAuts
  Bailey: 129 daAuts
